 Dungeon Crawl Stone Soup version 0.19-a0-867-g949743d (webtiles) character file.

23 matakusis the Sneak (level 2, -5/19 HPs)
             Began as a Vampire Enchanter on July 3, 2016.
             Slain by a kobold
             ... wielding a +0 whip
              (7 damage)
             ... on level 1 of the Dungeon.
             The game lasted 00:02:25 (767 turns).

matakusis the Sneak (Vampire Enchanter)              Turns: 767, Time: 00:02:26

Health: -5/19      AC:  3    Str:  7    XL:     2   Next: 75%
Magic:  3/5        EV: 12    Int: 17    God:
Gold:   36         SH:  0    Dex: 14    Spells: 1 memorised, 4 levels left

rFire  . . .     SeeInvis +     a - +1 dagger
rCold  . . .     Gourm    .     b - +1 robe
rNeg   + . .     Faith    .     (no shield)
rPois  .         Spirit   .     (no helmet)
rElec  .         Dismiss  .     (no cloak)
rCorr  .         Reflect  .     (no gloves)
SustAt .         Harm     .     (no boots)
MR     +....                    (no amulet)
Stlth  ++........               g - ring of loudness (curse)
                                e - ring of protection from magic

@: very slightly contaminated, somewhat resistant to hostile enchantments,
unstealthy
A: fangs 3, see invisible, unbreathing
a: no special abilities


You were on level 1 of the Dungeon.
You were not thirsty.

You visited 1 branch of the dungeon, and saw 1 of its levels.

You collected 36 gold pieces.

Inventory:

Hand Weapons
 a - a +1 dagger (weapon)
Armour
 b - a +1 robe (worn)
Jewellery
 e - a ring of protection from magic (left hand)
 g - a cursed ring of loudness (right hand)
Scrolls
 h - a scroll of identify {unknown}
Potions
 d - 6 potions of blood
 f - a potion of cancellation {unknown}
Books
 c - a book of Maledictions

   Spells                             Type                      Level
   a - Corona                         Hexes                        1
   b - Ensorcelled Hibernation        Hexes/Ice                    2
   c - Confuse                        Hexes                        3
   d - Tukima's Dance                 Hexes                        3
   e - Dazzling Spray                 Conjuration/Hexes            3


   Skills:
 - Level 1.1 Short Blades
 - Level 2.1 Dodging
 * Level 5.6 Stealth
 + Level 2.1 Spellcasting
 + Level 4.8 Hexes


You had 4 spell levels left.
You knew the following spells:

 Your Spells              Type           Power        Failure   Level  Hunger
a - Corona                Hex            ###....      2%          1    #......


Dungeon Overview and Level Annotations

Branches:
Dungeon (1/15)

Altars:


Innate Abilities, Weirdness & Mutations

You have razor-sharp teeth.
You have supernaturally acute eyesight. (SInv)
You can survive without breathing.


Message History

The kobold hits you with a whip.
You hit the kobold but do no damage.
The kobold is severely wounded.
The kobold hits you with a whip.
* * * LOW HITPOINT WARNING * * *
You hit the kobold but do no damage.
The kobold is severely wounded.
The kobold barely misses you.
You hit the kobold but do no damage.
The kobold is severely wounded.
The kobold hits you but does no damage.
Casting: Corona
Confirm with . or Enter, or press ? or * to list all spells.
Aiming: Corona
Press: ? - help, Shift-Dir - straight line, f - kobold
Aim: a kobold, wielding a whip (severely wounded, chance to defeat MR: 86%)
You miscast Corona.
You are very lightly contaminated with residual magic.
You feel a bit tired. The kobold hits you with a whip!
You die...

#........##......#...
.........#
#........#.......#...
........##
#........#.........##
......###
#.......)#.......###
......
#.%......#.......#
###
#................#
#..
#..........#.....#
#..
#..........#####.#
##..
###............#@#
.... #..........#.#K#
....
#.......##+#..b###
....
#................###.
....
#....................
####
####............####
#................
#................ ##
####........... #.


You could see a bat and a kobold.

Vanquished Creatures
  5 giant cockroaches (D:1)
  A goblin (D:1)
  6 hobgoblins (D:1)
  A bat (D:1)
  3 giant newts (D:1)
  3 kobolds (D:1)
  A rat (D:1)
20 creatures vanquished.

Notes
Turn   | Place    | Note
-------+----------+-------------------------------------------
     0 | D:1      | matakusis the Vampire Enchanter began the quest for the Orb.
     0 | D:1      | Reached XP level 1. HP: 13/13 MP: 3/3
   214 | D:1      | Reached skill level 5 in Stealth
   214 | D:1      | Reached XP level 2. HP: 3/19 MP: 3/5
   767 | D:1      | Slain by a kobold

Vault maps used:
D:1:      dpeg_arrival_prison

Skill      XL: |  1 |
---------------+----+-----
Stealth        | 5 |  5.6
Short Blades   | |  1.1
Dodging        | |  2.1
Spellcasting   | |  2.1
Hexes          | |  4.8

Action                   || total
-------------------------++-------
Melee: Dagger            ||    77
       Bite              ||     4
 Cast: Corona            ||    18
 Stab: Sleeping          ||     6
Armor: Robe              ||    23
Dodge: Dodged            ||    49
